[Event "Titled Tuesday Blitz January 10 Early 2023"]
[White "Baches Garcia, Guillermo"]
[Black "Svane, Rasmus"]
[WhiteFideId "2209764"]
[BlackFideId "4657101"]
[WhiteElo "2327"]
[BlackElo "2623"]
[Result "0-1"]
[Round "01"]
[TimeControl "180+2"]
[Date "2023.01.10"]
[WhiteClock "0:00:02"]
[BlackClock "0:00:25"]

1. e4 c6 2. c4 d5 3. exd5 cxd5 4. cxd5 Nf6 5. Nc3 Nxd5 6. Nf3 Nc6 7. Bb5 e6 8. O-O Be7 9. d4 O-O 10. Re1 Bf6 11. Ne4 Nce7 12. Nxf6+ Nxf6 13. Bg5 Nf5 14. Bd3 h6 15. Bxf5 exf5 16. Be3 Be6 17. Ne5 Rc8 18. Rc1 Rxc1 19. Qxc1 Nd5 20. a3 Qf6 21. Qc5 b6 22. Qc6 Rc8 23. Qb7 f4 24. Bd2 Rc2 25. Nf3 a5 26. b4 axb4 27. axb4 g5 28. h3 Qd8 29. Rc1 Rxc1+ 30. Bxc1 Qe8 31. Bd2 Qa4 32. Kh2 Qc2 33. Qb8+ Kh7 34. Qe5 Qd3 35. Qe1 Qf5 36. Qc1 h5 37. Qc6 g4 38. hxg4 hxg4 39. Ne5 Qh5+ 40. Kg1 g3 41. fxg3 Qd1+ 42. Kh2 Qxd2 43. Qe8 fxg3+ 44. Kxg3 Qf4# 0-1


[Site "https://www.chess.com"]

[Event "Titled Tuesday Blitz January 10 Early 2023"]
[White "Goldin, Alexander"]
[Black "Puranik, Abhimanyu"]
[WhiteFideId "2019540"]
[BlackFideId "5061245"]
[WhiteElo "2542"]
[BlackElo "2613"]
[Result "0-1"]
[Round "01"]
[TimeControl "180+2"]
[Date "2023.01.10"]
[WhiteClock "0:01:20"]
[BlackClock "0:02:17"]

1. Nf3 Nf6 2. d4 g6 3. g3 b6 4. Bg2 Bb7 5. O-O d5 6. b3 Bg7 7. Bb2 O-O 8. Nbd2 c5 9. c4 cxd4 10. Nxd4 e5 11. Nc2 Nc6 12. cxd5 Nxd5 13. Nc4 Nce7 14. Nxe5 Qc7 15. Nd3 Bxb2 16. Nxb2 Rfd8 17. Nd3 Rac8 18. Qd2 Qxc2 0-1


[Site "https://www.chess.com"]

[Event "Titled Tuesday Blitz January 10 Early 2023"]
[White "Gholami Orimi, Mahdi"]
[Black "Defend, Balint"]
[WhiteFideId "12558486"]
[BlackFideId "17004853"]
[WhiteElo "2420"]
[BlackElo "1673"]
[Result "1-0"]
[Round "01"]
[TimeControl "180+2"]
[Date "2023.01.10"]
[WhiteClock "0:00:05"]
[BlackClock "0:00:37"]

1. d4 Nf6 2. c4 e6 3. Nc3 Bb4 4. f3 d5 5. a3 Bxc3+ 6. bxc3 c5 7. cxd5 Nxd5 8. dxc5 Qa5 9. e4 Nf6 10. Be3 O-O 11. Qb3 Nbd7 12. Qb4 Qc7 13. Ne2 b6 14. cxb6 axb6 15. Nd4 Ba6 16. Nb5 Qe5 17. Be2 Nc5 18. O-O Rad8 19. Rad1 Qh5 20. Qb2 Nfd7 21. h3 Qg6 22. Rd6 Na4 23. Qb4 Ndc5 24. Rfd1 Rxd6 25. Rxd6 Qf6 26. Qd4 Qh4 27. Bf2 Qg5 28. Qe3 Qe5 29. Qd4 Qf4 30. Qd2 Qxd2 31. Rxd2 Bxb5 32. Bxb5 Nxc3 33. Bf1 Ra8 34. Rd6 N3a4 35. Rc6 g6 36. Bb5 Nc3 37. Rxb6 Nxb5 38. Rxb5 Nd3 39. Rb3 Nxf2 40. Kxf2 Kg7 41. Ke3 Kf6 42. Kd4 Ra4+ 43. Kc5 Ke5 44. Kb5 Ra8 45. a4 Kd4 46. a5 Rb8+ 47. Ka4 Ra8 48. Rb7 f5 49. exf5 exf5 50. Rxh7 g5 51. Rg7 g4 52. fxg4 fxg4 53. Rxg4+ Kc5 54. h4 Rf8 55. Rg5+ Kc4 56. a6 Rf4 57. Ka5 Rxh4 58. a7 Rh8 59. g4 Re8 60. Rf5 Kd4 61. g5 Ke4 62. Rf7 Kd5 63. g6 Ke6 64. Rb7 Kf6 65. Rb8 Re5+ 66. Kb4 Re4+ 67. Kb3 1-0


[Site "https://www.chess.com"]

[Event "Titled Tuesday Blitz January 10 Early 2023"]
[White "Mika, Tomasz"]
[Black "Lenderman, Aleksandr"]
[WhiteFideId "1132970"]
[BlackFideId "2021285"]
[WhiteElo "2169"]
[BlackElo "2572"]
[Result "0-1"]
[Round "01"]
[TimeControl "180+2"]
[Date "2023.01.10"]
[WhiteClock "0:00:47"]
[BlackClock "0:02:12"]

1. Nf3 b6 2. c4 Bb7 3. g3 g6 4. Bg2 Bg7 5. O-O Nf6 6. d4 O-O 7. Nc3 Ne4 8. Nxe4 Bxe4 9. b3 c5 10. Bb2 Nc6 11. e3 d5 12. cxd5 Qxd5 13. Ne1 Bxg2 14. Nxg2 cxd4 15. Nf4 Qd7 16. exd4 Nxd4 17. Bxd4 Bxd4 18. Rc1 Rad8 19. Qe2 e5 20. Ng2 Rfe8 21. Rc2 Bc5 22. Ne3 Qd3 23. Qxd3 Rxd3 24. Nc4 e4 25. Re1 f5 26. Kg2 Red8 27. Ree2 Kg7 28. Ne5 R3d5 29. Nc4 Kf6 30. h3 Rd3 31. Rb2 a5 32. Rbc2 R8d5 33. Nb2 R3d4 34. Na4 g5 35. Rc3 f4 36. gxf4 gxf4 37. Nxc5 f3+ 38. Kg3 fxe2 0-1


[Site "https://www.chess.com"]

[Event "Titled Tuesday Blitz January 10 Early 2023"]
[White "Keymer, Vincent"]
[Black "Reprintsev, Alexander"]
[WhiteFideId "12940690"]
[BlackFideId "14100541"]
[WhiteElo "2700"]
[BlackElo "2253"]
[Result "1-0"]
[Round "01"]
[TimeControl "180+2"]
[Date "2023.01.10"]
[WhiteClock "0:01:32"]
[BlackClock "0:01:52"]

1. Nf3 d5 2. e3 Nf6 3. c4 c6 4. Nc3 g6 5. d4 Bg7 6. Be2 O-O 7. O-O Bg4 8. h3 Bxf3 9. Bxf3 e6 10. b3 Re8 11. Bb2 Nbd7 12. Qc2 Qa5 13. g3 a6 14. Bg2 Rac8 15. Rad1 Bf8 16. a3 Bg7 17. Rfe1 b5 18. b4 Qd8 19. c5 e5 20. dxe5 Nxe5 21. e4 Nc4 22. exd5 Rxe1+ 23. Rxe1 Nxb2 24. Qxb2 Nxd5 25. Bxd5 cxd5 26. Qd2 d4 27. Ne4 Qd5 28. Qd3 h6 29. Nd6 Ra8 30. Re7 Bf8 31. Rxf7 Bxd6 32. Qxg6+ 1-0


[Site "https://www.chess.com"]

[Event "Titled Tuesday Blitz January 10 Early 2023"]
[White "Tomaszewski, Kacper"]
[Black "Bachmann, Axel"]
[WhiteFideId "1127373"]
[BlackFideId "3700488"]
[WhiteElo "2313"]
[BlackElo "2604"]
[Result "0-1"]
[Round "01"]
[TimeControl "180+2"]
[Date "2023.01.10"]
[WhiteClock "0:00:25"]
[BlackClock "0:01:26"]

1. e4 e5 2. Nf3 Nf6 3. Nc3 d6 4. d4 Nbd7 5. Bc4 Be7 6. a4 O-O 7. O-O c6 8. b3 exd4 9. Nxd4 Ne5 10. Be2 Re8 11. h3 Bf8 12. f4 Ng6 13. Bd3 d5 14. e5 Nd7 15. Nf5 Nc5 16. g4 f6 17. exf6 Qxf6 18. Bb2 Nxd3 19. Qxd3 Bxf5 20. gxf5 Nh4 21. a5 Bc5+ 22. Kh2 Re3 23. Na4 Qe7 24. f6 Qe6 25. f7+ Kxf7 26. f5 Qd6+ 27. Kh1 Rxd3 28. cxd3 Qg3 0-1


[Site "https://www.chess.com"]

[Event "Titled Tuesday Blitz January 10 Early 2023"]
[White "Dvirnyy, Danyyil"]
[Black "Mortazavi, Ali"]
[WhiteFideId "817570"]
[BlackFideId "401323"]
[WhiteElo "2541"]
[BlackElo "2333"]
[Result "1-0"]
[Round "01"]
[TimeControl "180+2"]
[Date "2023.01.10"]
[WhiteClock "0:00:38"]
[BlackClock "0:00:21"]

1. e4 c6 2. d4 d5 3. exd5 cxd5 4. Bd3 Nc6 5. c3 Qc7 6. Nf3 Bg4 7. h3 Bh5 8. O-O e6 9. Re1 Bd6 10. a4 Nge7 11. Na3 a6 12. Nc2 O-O 13. Ne3 Rac8 14. Ng4 Rfe8 15. Bg5 Bf4 16. Bxe7 Qxe7 17. g3 Bb8 18. Qd2 f6 19. Nh4 Qf7 20. Ng2 e5 21. dxe5 fxe5 22. Qg5 Kh8 23. Rad1 Rf8 24. Rf1 e4 25. Bc2 Ne5 26. Nxe5 Bxe5 27. Qxe5 Bxd1 28. Bxd1 Rce8 29. Qd4 Re6 30. Qxd5 Qe7 31. Ne3 Rg6 32. Bb3 h6 33. Qh5 Rg5 34. Qh4 Qe5 35. Bc2 Re8 36. Rd1 b5 37. Rd5 Qf6 38. Rxg5 Qxg5 39. Qxg5 hxg5 40. axb5 axb5 41. Nd5 Kg8 42. Kf1 Kf7 43. Ke2 Ke6 44. Nc7+ Ke5 45. Nxe8 1-0


[Site "https://www.chess.com"]

[Event "Titled Tuesday Blitz January 10 Early 2023"]
[White "Ibadov, Dashgyn"]
[Black "Svidler, Peter"]
[WhiteFideId "24107514"]
[BlackFideId "4102142"]
[WhiteElo "2391"]
[BlackElo "2683"]
[Result "0-1"]
[Round "01"]
[TimeControl "180+2"]
[Date "2023.01.10"]
[WhiteClock "0:00:01"]
[BlackClock "0:00:01"]

1. e4 c5 2. Nf3 e6 3. d4 cxd4 4. Nxd4 a6 5. Nc3 b5 6. g3 Bb7 7. Bg2 Nf6 8. a3 d6 9. O-O Nbd7 10. Re1 Rb8 11. a4 b4 12. Nd5 e5 13. Nb3 Nxd5 14. exd5 Be7 15. a5 Nf6 16. Ra4 Ba8 17. Qd3 Rb5 18. Bg5 O-O 19. Bxf6 Bxf6 20. Qc4 Qc8 21. Rxb4 Rxb4 22. Qxb4 Qxc2 23. Nd2 Be7 24. Nc4 f5 25. Nb6 Rb8 26. Qa3 Bb7 27. h3 e4 28. Qe3 Bf6 29. Qf4 Bc8 30. Qxd6 Rb7 31. Nxc8 Qxc8 32. Qxa6 Qb8 33. d6 Rxb2 34. d7 Rd2 35. Qe6+ Kf8 36. Rc1 Bd8 0-1


[Site "https://www.chess.com"]

[Event "Titled Tuesday Blitz January 10 Early 2023"]
[White "Tari, Aryan"]
[Black "Ronka, Erik"]
[WhiteFideId "1510045"]
[BlackFideId "505080"]
[WhiteElo "2642"]
[BlackElo "2276"]
[Result "1/2-1/2"]
[Round "01"]
[TimeControl "180+2"]
[Date "2023.01.10"]
[WhiteClock "0:00:28"]
[BlackClock "0:00:08"]

1. e4 c5 2. Nc3 e6 3. d4 cxd4 4. Qxd4 d6 5. Nf3 a6 6. Bg5 Qc7 7. O-O-O Nc6 8. Qd2 b5 9. Bf4 b4 10. Na4 e5 11. Be3 Rb8 12. Bc4 Na5 13. Bb3 Nf6 14. Qd3 Be7 15. h3 O-O 16. Kb1 Bb7 17. Nd2 Bc6 18. Nc4 Bxa4 19. Bxa4 Nxc4 20. Bc1 Nb6 21. Bb3 a5 22. g4 a4 23. Bd5 Nfxd5 24. exd5 Rfc8 25. Rhe1 Qc4 26. Qd2 b3 27. cxb3 axb3 28. axb3 Qxb3 29. Re3 Qb5 30. Qe2 Qxe2 31. Rxe2 Nc4 32. Rd3 h6 33. Rc2 Nb6 34. Rc6 Rxc6 35. dxc6 Rc8 36. Rc3 Nd5 37. Rc4 Nc7 38. Be3 d5 39. Rc2 d4 40. Bd2 Nd5 41. Ba5 Bd6 42. Rc4 Kf8 43. Kc2 Ke7 44. Kd3 Bc7 45. Bd2 Kd6 46. b4 Nb6 47. Rc1 Nd5 48. b5 g6 49. Kc4 f5 50. gxf5 gxf5 51. Rg1 Nb6+ 52. Kb3 Kc5 53. Rc1+ Kxb5 54. Bb4 Na4 55. Ra1 Nb6 56. Rc1 Na8 57. Rc5+ Kb6 58. Kc4 Ka7 59. Kd5 Nb6+ 60. Ke6 Na4 61. Rc1 Bb6 62. Ra1 Rxc6+ 63. Kd5 Rc2 64. Rxa4+ Kb7 65. Kxe5 Rxf2 66. Bf8 d3 67. Bxh6 d2 68. Ra1 Rh2 69. Rd1 Ba5 70. Kxf5 Rxh3 71. Bf4 Rd3 72. Ke4 Rd7 73. Ke3 Kc6 74. Ke2 Kb5 75. Bxd2 Bxd2 76. Rxd2 Rxd2+ 77. Kxd2 1/2-1/2


[Site "https://www.chess.com"]

[Event "Titled Tuesday Blitz January 10 Early 2023"]
[White "Nguyen Hong Nhung"]
[Black "Dardha, Daniel"]
[WhiteFideId "12412201"]
[BlackFideId "240990"]
[WhiteElo "2003"]
[BlackElo "2631"]
[Result "0-1"]
[Round "01"]
[TimeControl "180+2"]
[Date "2023.01.10"]
[WhiteClock "0:00:29"]
[BlackClock "0:00:20"]

1. e4 e5 2. Nf3 Nc6 3. d4 exd4 4. Nxd4 Nf6 5. Nc3 Bb4 6. Nxc6 bxc6 7. Bd3 d5 8. exd5 O-O 9. O-O cxd5 10. Bg5 c6 11. Qf3 h6 12. Bh4 g5 13. Bg3 Bg4 14. Bc7 Bxf3 15. Bxd8 Rfxd8 16. gxf3 Bxc3 17. bxc3 Rab8 18. Rab1 Nh5 19. Rfd1 Nf4 20. Kf1 Rb6 21. Rb3 Kg7 22. Re1 Kf6 23. Reb1 Rdb8 24. Ke1 Ke5 25. Kd2 Ne6 26. c4 Nd4 27. Rxb6 axb6 28. cxd5 Kxd5 29. Be4+ Kd6 30. Ke3 Ne6 31. Rd1+ Kc7 32. Rd3 Re8 33. Kd2 Ra8 34. Rc3 Nc5 35. a3 Re8 36. Rc4 Rd8+ 37. Ke3 Rd1 38. Ke2 Ra1 39. Rc3 Rh1 40. Bf5 Rxh2 41. Rc4 Rh4 42. Rxh4 gxh4 43. Kf1 Ne6 44. Bxe6 fxe6 45. Kg2 Kd6 46. f4 Kd5 47. Kf3 h5 48. Ke3 h3 49. Kf3 h4 50. a4 Kd4 0-1


[Site "https://www.chess.com"]

[Event "Titled Tuesday Blitz January 10 Early 2023"]
[White "Dominguez Perez, Leinier"]
[Black "Gheorghiu, Calin"]
[WhiteFideId "3503240"]
[BlackFideId "1200305"]
[WhiteElo "2739"]
[BlackElo "2313"]
[Result "1-0"]
[Round "01"]
[TimeControl "180+2"]
[Date "2023.01.10"]
[WhiteClock "0:00:54"]
[BlackClock "0:00:02"]

1. e4 e6 2. d4 d5 3. Nc3 Nf6 4. e5 Nfd7 5. Nce2 c5 6. c3 b5 7. a3 a5 8. Nf4 Ba6 9. Nf3 b4 10. axb4 axb4 11. h4 Qb6 12. Be3 bxc3 13. bxc3 cxd4 14. Bxd4 Bc5 15. Bd3 Bxd4 16. cxd4 O-O 17. O-O Bxd3 18. Qxd3 Rxa1 19. Rxa1 Nc6 20. Rb1 Qa5 21. Ng5 g6 22. h5 Nb4 23. Qh3 h6 24. hxg6 1-0


[Site "https://www.chess.com"]

[Event "Titled Tuesday Blitz January 10 Early 2023"]
[White "Garakov, Mikhael"]
[Black "Sjugirov, Sanan"]
[WhiteFideId "4169034"]
[BlackFideId "4189302"]
[WhiteElo "2447"]
[BlackElo "2712"]
[Result "1/2-1/2"]
[Round "01"]
[TimeControl "180+2"]
[Date "2023.01.10"]
[WhiteClock "0:00:10"]
[BlackClock "0:00:30"]

1. e4 e5 2. Nf3 Nc6 3. Bb5 a6 4. Bxc6 dxc6 5. O-O Qf6 6. d4 exd4 7. Qxd4 Qxd4 8. Nxd4 Bd7 9. Nc3 O-O-O 10. Bf4 Ne7 11. Rad1 Ng6 12. Bg3 Bb4 13. Nb3 Rhe8 14. f3 f5 15. exf5 Bxf5 16. Rxd8+ Rxd8 17. Ne4 Re8 18. c3 Bf8 19. Re1 Rd8 20. Ng5 h6 21. Nf7 Rd5 22. Nd4 Bc5 23. Bf2 Kd7 24. g4 Bd3 25. Rd1 Bxd4 26. Bxd4 Be2 27. Re1 Bxf3 28. h3 h5 29. Ne5+ Nxe5 30. Rxe5 hxg4 31. Rxd5+ cxd5 32. hxg4 g6 33. g5 Kd6 34. Kf2 Be4 35. Ke3 c5 36. Bf6 Bb1 37. a3 Kc6 38. Kd2 Kb5 39. Be7 Kc4 40. Bf8 b6 41. Be7 Kb3 42. Kc1 Bf5 43. Bd8 b5 44. Be7 Kc4 45. Kd2 a5 46. Bf8 a4 47. Be7 d4 48. cxd4 cxd4 49. Bb4 Kb3 50. Kc1 Bc2 51. Bc5 Be4 52. Bxd4 Bd5 53. Bf6 Bc4 54. Kd2 Be6 55. Ke3 Bf5 56. Kf4 Bd7 57. Bc3 Bc6 58. Ke5 Bb7 59. Kd6 Bc8 60. Kc5 Bf5 61. Kxb5 Bc2 62. Kc5 Bf5 63. Kd6 Bc2 64. Ke5 Bf5 65. Kf6 Bc2 66. Ke5 Bf5 67. Kf6 Bc2 68. Ke5 1/2-1/2


[Site "https://www.chess.com"]

[Event "Titled Tuesday Blitz January 10 Early 2023"]
[White "Molina, Roberto Junio Brito"]
[Black "Ansh M Shah"]
[WhiteFideId "2109450"]
[BlackFideId "25033379"]
[WhiteElo "2403"]
[BlackElo "2171"]
[Result "1-0"]
[Round "01"]
[TimeControl "180+2"]
[Date "2023.01.10"]
[WhiteClock "0:01:04"]
[BlackClock "0:00:05"]

1. d4 Nf6 2. c4 e6 3. Nf3 d5 4. Nc3 Be7 5. cxd5 exd5 6. Bg5 O-O 7. e3 c6 8. Bd3 Bg4 9. Qc2 Nbd7 10. Ne5 Bh5 11. O-O Bg6 12. Nxg6 hxg6 13. Rab1 a5 14. a3 Re8 15. Rfe1 Ne4 16. Bf4 Nd6 17. h3 b5 18. e4 dxe4 19. Nxe4 Nf6 20. Bxd6 Bxd6 21. Qxc6 Nxe4 22. Rxe4 Rxe4 23. Bxe4 Rb8 24. Rd1 b4 25. a4 b3 26. Bd3 Rb4 27. Bb5 Qf6 28. Qe4 Kh7 29. Qe3 Bf4 30. Qc3 Bd6 31. g3 Qg5 32. Kg2 Qd5+ 33. Qf3 Qg5 34. Qxf7 Qf6 35. Qxf6 gxf6 36. Kf3 Kg7 37. Ke3 Kf7 38. Kd3 Bc7 39. Kc3 Bb6 40. Rd2 Bc7 41. h4 Bd8 42. d5 f5 43. d6 Bf6+ 44. Kd3 Rd4+ 45. Ke2 Rxd2+ 46. Kxd2 Bxb2 47. Bc4+ Ke8 48. Bxb3 Kd7 49. Bf7 g5 50. hxg5 Kxd6 51. f4 Bd4 52. Ke2 Ke7 53. Bc4 Kf8 54. Kf3 Kg7 55. Bd3 Kf8 56. Bxf5 Ke7 57. Bd3 Kd6 58. Bb5 Kc5 59. Ke4 Bc3 60. g4 Kd6 61. Kf5 Ke7 62. Kg6 Kf8 63. f5 Bd2 64. f6 Bc3 65. Kf5 Bd2 66. g6 Kg8 67. Bc4+ Kf8 68. g7+ 1-0


[Site "https://www.chess.com"]

[Event "Titled Tuesday Blitz January 10 Early 2023"]
[White "Gaitan, Juan Manuel"]
[Black "Xu, Yi"]
[WhiteFideId "121657"]
[BlackFideId "8605564"]
[WhiteElo "2328"]
[BlackElo "2527"]
[Result "0-1"]
[Round "01"]
[TimeControl "180+2"]
[Date "2023.01.10"]
[WhiteClock "0:00:08"]
[BlackClock "0:00:59"]

1. d4 Nf6 2. c4 e6 3. Nf3 d5 4. g3 Be7 5. Bg2 O-O 6. O-O dxc4 7. Qc2 a6 8. a4 Bd7 9. Ne5 Bc6 10. Nxc6 Nxc6 11. e3 Na5 12. Nd2 c5 13. Nxc4 cxd4 14. Nxa5 Qxa5 15. Bxb7 Rab8 16. Bg2 Rfc8 17. Qe2 Bc5 18. Rd1 e5 19. exd4 Bxd4 20. Ra3 h6 21. Bh3 Rc7 22. Rxd4 Rxc1+ 23. Rd1 Rxb2 24. Qf1 Rxd1 25. Qxd1 Qb6 26. Re3 Rb1 0-1


[Site "https://www.chess.com"]

[Event "Titled Tuesday Blitz January 10 Early 2023"]
[White "Jones, Gawain C B"]
[Black "Kuznetsova, Olga"]
[WhiteFideId "409561"]
[BlackFideId "4191323"]
[WhiteElo "2618"]
[BlackElo "2142"]
[Result "1-0"]
[Round "01"]
[TimeControl "180+2"]
[Date "2023.01.10"]
[WhiteClock "0:00:05"]
[BlackClock "0:00:13"]

1. Nf3 d5 2. g3 Nf6 3. Bg2 e6 4. O-O Be7 5. c4 O-O 6. b3 c5 7. e3 Nc6 8. Bb2 Ne4 9. d3 Bf6 10. Qe2 Bxb2 11. Qxb2 Qf6 12. Qxf6 Nxf6 13. Nc3 Bd7 14. Rfd1 Rfd8 15. cxd5 exd5 16. d4 c4 17. bxc4 dxc4 18. Ne5 Nxe5 19. dxe5 Ng4 20. Bxb7 Rab8 21. Ba6 Nxe5 22. e4 Bg4 23. Rd5 Rxd5 24. exd5 Bf3 25. d6 Rb6 26. Rb1 f6 27. Rxb6 axb6 28. Bxc4+ Kf8 29. Be6 Bc6 30. f4 Nf7 31. Bd5 Bxd5 32. Nxd5 Nxd6 33. Nxb6 Ke7 34. Kf2 Nb7 35. Kf3 Kd6 36. Ke4 g6 37. Kd4 f5 38. Nc4+ Ke6 39. a4 h6 40. a5 Nd8 41. Kc5 g5 42. a6 Kd7 43. a7 Ne6+ 44. Kb6 Nc7 45. Kb7 gxf4 46. gxf4 h5 47. h4 Kd8 48. Ne5 Na8 49. Kxa8 Kc7 50. Nf3 1-0


[Site "https://www.chess.com"]

[Event "Titled Tuesday Blitz January 10 Early 2023"]
[White "Abdilkhair, Abilmansur"]
[Black "Ibarra Jerez, Jose Carlos"]
[WhiteFideId "13716417"]
[BlackFideId "2226332"]
[WhiteElo "2268"]
[BlackElo "2563"]
[Result "0-1"]
[Round "01"]
[TimeControl "180+2"]
[Date "2023.01.10"]
[WhiteClock "0:01:03"]
[BlackClock "0:01:23"]

1. d4 Nf6 2. c4 d6 3. Nf3 g6 4. g3 Bf5 5. Bg2 Bg7 6. O-O O-O 7. Nc3 Ne4 8. Nh4 Nxc3 9. bxc3 Bc8 10. Rb1 Nc6 11. e4 Na5 12. Qe2 c5 13. Be3 b6 14. Rfc1 Ba6 15. dxc5 dxc5 16. Rd1 Qc7 17. Bf4 Qc8 18. e5 Bxc4 19. Qe4 Rb8 20. e6 Qxe6 21. Bxb8 Rxb8 22. Qxe6 Bxe6 23. Bd5 Bg4 24. f3 Bh3 25. c4 Bd4+ 26. Kh1 e6 27. Be4 Nxc4 28. g4 g5 29. Ng2 Bxg2+ 30. Kxg2 Ne3+ 31. Kg3 Nxd1 32. Rxd1 Rd8 33. Kg2 Bf6 34. Rxd8+ Bxd8 35. a4 Kg7 36. Kf2 h6 37. Ke2 Kf6 38. Kd3 Ke5 39. Kc4 f5 40. gxf5 exf5 41. Bb7 g4 42. fxg4 fxg4 43. Kb5 Kd4 44. Bc6 c4 45. Be8 c3 46. Bg6 h5 47. Ka6 h4 48. Kxa7 g3 49. hxg3 hxg3 50. Kb7 g2 51. Kc8 Bg5 0-1


[Site "https://www.chess.com"]

[Event "Titled Tuesday Blitz January 10 Early 2023"]
[White "Kadric, Denis"]
[Black "Shuvalov, Evgenij"]
[WhiteFideId "14403803"]
[BlackFideId "4187237"]
[WhiteElo "2601"]
[BlackElo "2038"]
[Result "1-0"]
[Round "01"]
[TimeControl "180+2"]
[Date "2023.01.10"]
[WhiteClock "0:00:55"]
[BlackClock "0:00:01"]

1. e4 e6 2. d3 d5 3. Nd2 c5 4. g3 Nc6 5. Bg2 Nf6 6. Nh3 g6 7. O-O Bg7 8. c3 O-O 9. f4 b6 10. Nf2 Ba6 11. Re1 Qc7 12. Qf3 Rad8 13. g4 Rfe8 14. Nf1 Na5 15. Ng3 c4 16. e5 Nd7 17. d4 b5 18. f5 exf5 19. gxf5 f6 20. fxg6 fxe5 21. Nh5 Nb6 22. gxh7+ Kh8 23. Bg5 Rd6 24. dxe5 Rxe5 25. Rxe5 Bxe5 26. Qf8+ Kxh7 27. Ng4 Bg7 28. Qf5+ Kg8 29. Bf4 Bc8 30. Nhf6+ Rxf6 31. Nxf6+ 1-0


[Site "https://www.chess.com"]

[Event "Titled Tuesday Blitz January 10 Early 2023"]
[White "Najdin, Danil"]
[Black "Kamsky, Gata"]
[WhiteFideId "4172426"]
[BlackFideId "2000024"]
[WhiteElo "2235"]
[BlackElo "2665"]
[Result "0-1"]
[Round "01"]
[TimeControl "180+2"]
[Date "2023.01.10"]
[WhiteClock "0:00:44"]
[BlackClock "0:01:11"]

1. e4 g6 2. d4 Bg7 3. Nc3 d6 4. Nf3 a6 5. a4 b6 6. Bc4 e6 7. h4 h6 8. Be3 Bb7 9. h5 g5 10. e5 Ne7 11. O-O dxe5 12. Nxe5 Bxe5 13. dxe5 Qxd1 14. Raxd1 Nd7 15. f4 Nf5 16. Bc1 gxf4 17. Bxf4 Rg8 18. Rf2 O-O-O 19. Rfd2 Nh4 20. Kh2 Nxg2 21. Bxh6 Rh8 22. Rxg2 Bxg2 23. Bxa6+ Bb7 24. Bxb7+ Kxb7 25. Bf4 Rxh5+ 26. Kg3 Rg8+ 27. Kf3 Nxe5+ 28. Bxe5 Rxe5 29. Ne4 Rf5+ 30. Ke3 Rg2 31. Rd7 Kc6 0-1


[Site "https://www.chess.com"]

[Event "Titled Tuesday Blitz January 10 Early 2023"]
[White "Ivic, Velimir"]
[Black "Vagman, Roy"]
[WhiteFideId "950122"]
[BlackFideId "2828995"]
[WhiteElo "2595"]
[BlackElo "2273"]
[Result "1-0"]
[Round "01"]
[TimeControl "180+2"]
[Date "2023.01.10"]
[WhiteClock "0:00:16"]
[BlackClock "0:00:01"]

1. e4 c5 2. Nf3 g6 3. c3 d5 4. e5 d4 5. Bc4 Bg7 6. O-O Nh6 7. d3 Nc6 8. Re1 O-O 9. h3 Na5 10. Bb5 a6 11. Ba4 b5 12. Bc2 Bb7 13. Bf4 Qd5 14. Nbd2 Rae8 15. Qe2 Kh8 16. Ne4 Ng8 17. b4 cxb4 18. cxb4 Nc6 19. Bb3 Qd8 20. a3 f6 21. Nc5 Bc8 22. e6 g5 23. Bg3 Nh6 24. Qe4 Qb6 25. Rac1 f5 26. Qd5 f4 27. Bh2 Rf5 28. Nd7 Rxd5 29. Nxb6 Rd6 30. Nxg5 Bb7 31. Bxf4 Rdd8 32. Bd5 Rf8 33. Bc7 Rxd5 34. Nxd5 Rf5 35. Nxe7 Rxg5 36. Nxc6 Nf5 37. e7 Nxe7 38. Rxe7 Bf6 39. Re8+ Kg7 40. Bd8 Bxd8 41. Rxd8 Rg6 42. Rd7+ 1-0


[Site "https://www.chess.com"]

[Event "Titled Tuesday Blitz January 10 Early 2023"]
[White "Pein, Jonathan"]
[Black "Moroni, Luca Jr"]
[WhiteFideId "417092"]
[BlackFideId "865834"]
[WhiteElo "2265"]
[BlackElo "2535"]
[Result "0-1"]
[Round "01"]
[TimeControl "180+2"]
[Date "2023.01.10"]
[WhiteClock "0:00:01"]
[BlackClock "0:00:08"]

1. e4 g6 2. c4 Bg7 3. Nc3 d6 4. g3 c5 5. Bg2 Nc6 6. Nge2 e6 7. O-O Nge7 8. d3 O-O 9. Be3 a6 10. Qd2 Rb8 11. Bh6 b5 12. Bxg7 Kxg7 13. b3 b4 14. Na4 e5 15. f4 f5 16. fxe5 Nxe5 17. d4 cxd4 18. Nxd4 Qc7 19. Rad1 Bd7 20. exf5 gxf5 21. Ne2 Bxa4 22. bxa4 Qc5+ 23. Kh1 Nxc4 24. Qg5+ Ng6 25. Nf4 Rbe8 26. h4 Ne5 27. h5 Nf7 28. h6+ Kg8 29. Qh5 Nfe5 30. Bd5+ Kh8 31. Qg5 Qa7 32. Ne6 Rf7 33. Rxf5 Qe7 34. Rxf7 Qxf7 35. Kg2 Qe7 36. Qxe7 Nxe7 37. Rc1 Nxd5 38. Ng5 Nc3 39. Nf7+ Nxf7 0-1


[Site "https://www.chess.com"]

[Event "Titled Tuesday Blitz January 10 Early 2023"]
[White "Babazada, Khazar"]
[Black "Kuzmin, Roman"]
[WhiteFideId "13413554"]
[BlackFideId "44134932"]
[WhiteElo "2474"]
[BlackElo "2198"]
[Result "0-1"]
[Round "01"]
[TimeControl "180+2"]
[Date "2023.01.10"]
[WhiteClock "0:00:17"]
[BlackClock "0:00:11"]

1. Nf3 Nf6 2. c4 e6 3. Nc3 d5 4. d4 Nbd7 5. Bg5 c6 6. e3 Be7 7. Bd3 h6 8. Bh4 dxc4 9. Bxc4 b5 10. Bd3 a6 11. Rc1 c5 12. Qe2 O-O 13. O-O Bb7 14. Rfd1 Qb6 15. Bb1 Rac8 16. Ne5 Rfd8 17. Qc2 Nf8 18. Bxf6 Bxf6 19. Ne4 cxd4 20. Nxf6+ gxf6 21. Qe2 fxe5 22. Qg4+ Kh8 23. Qh5 e4 24. Qxh6+ Kg8 25. exd4 Rxc1 26. Qxc1 Rxd4 27. Re1 Ng6 28. Qh6 Qd6 29. Qc1 Qf4 30. Re3 Rc4 31. Qd1 Qc7 32. Re1 a5 33. g3 e3 34. fxe3 Ne5 35. Rf1 Nf3+ 36. Kf2 Qe5 37. b3 Rc8 38. Qd3 Qb2+ 39. Qe2 Qxe2+ 40. Kxe2 Ne5 41. Rf4 b4 42. Be4 Bxe4 43. Rxe4 f6 44. Kd1 Kf7 45. h4 Rg8 46. Rd4 Rxg3 47. Rd6 Rh3 48. Ra6 Rxh4 49. Rxa5 Rh1+ 50. Ke2 Rh2+ 51. Kf1 Kg6 52. Ra4 Nd3 0-1


[Site "https://www.chess.com"]

[Event "Titled Tuesday Blitz January 10 Early 2023"]
[White "Buchenau, Frank"]
[Black "Sanal, Vahap"]
[WhiteFideId "4604350"]
[BlackFideId "6300545"]
[WhiteElo "2222"]
[BlackElo "2600"]
[Result "0-1"]
[Round "01"]
[TimeControl "180+2"]
[Date "2023.01.10"]
[WhiteClock "0:00:20"]
[BlackClock "0:00:25"]

1. e4 e5 2. Bc4 Nf6 3. d3 Bb4+ 4. c3 Be7 5. Nf3 Nc6 6. O-O O-O 7. Re1 d6 8. Nbd2 Na5 9. Bb5 a6 10. Ba4 b5 11. Bc2 c5 12. a4 Be6 13. axb5 axb5 14. Nf1 h6 15. Ng3 Nc6 16. Rxa8 Qxa8 17. d4 cxd4 18. cxd4 Bg4 19. Be3 exd4 20. Bxd4 Nxd4 21. Qxd4 Qa5 22. b4 Qa3 23. Bd3 Bxf3 24. Nf5 Bd8 25. gxf3 Bb6 26. Ra1 Qb3 27. Qxd6 Bxf2+ 28. Kg2 Qb2 29. Rb1 Qd2 30. Ne7+ Kh8 31. e5 Bc5+ 32. Kh3 Bxd6 0-1


[Site "https://www.chess.com"]

[Event "Titled Tuesday Blitz January 10 Early 2023"]
[White "Pultinevicius, Paulius"]
[Black "Ladan, Nicholas"]
[WhiteFideId "12809390"]
[BlackFideId "30918855"]
[WhiteElo "2537"]
[BlackElo "2228"]
[Result "1-0"]
[Round "01"]
[TimeControl "180+2"]
[Date "2023.01.10"]
[WhiteClock "0:01:27"]
[BlackClock "0:01:26"]

1. d4 d5 2. c4 e6 3. Nc3 Nf6 4. Bg5 c6 5. e3 Nbd7 6. Nf3 Qa5 7. Nd2 dxc4 8. Bxf6 Nxf6 9. Nxc4 Qc7 10. Be2 Be7 11. O-O O-O 12. Rc1 Rd8 13. Qb3 Bd7 14. Ne5 Be8 15. f4 Rac8 16. f5 exf5 17. Bc4 Bf8 18. Rxf5 b5 19. Bd3 a6 20. Ne4 Nd5 21. Ng5 f6 22. Ne6 Qe7 23. Nxd8 fxe5 24. Rcf1 Rxd8 25. Rxf8+ Qxf8 26. Bxh7+ Kxh7 27. Rxf8 exd4 28. exd4 Nf6 29. Qe3 c5 30. Rxf6 1-0


[Site "https://www.chess.com"]